 Dungeon Crawl Stone Soup version 0.31-a0-7-g51783674b7 (webtiles) character file.

Game seed: 11121368168647158144

394 avis the Sneak (level 6, -1/30 HPs)
             Began as a Vine Stalker Brigand on May 6, 2023.
             Slain by Duvessa
             ... wielding a +0 short sword
              (12 damage)
             ... on level 4 of the Dungeon.
             The game lasted 00:23:40 (3429 turns).

avis the Sneak (Vine Stalker Brigand)               Turns: 3429, Time: 00:23:40

Health: -1/30      AC:  3    Str: 19    XL:     6   Next: 81%
Magic:  0/8        EV: 12    Int: 11    God:
Gold:   179        SH:  0    Dex: 18    Spells: 7/7 levels left

rFire   . . .        a - +2 dagger
rCold   . . .        (no shield)
rNeg    . . .        s - +0 robe
rPois   .            (no helmet)
rElec   .            c - +0 cloak
rCorr   .            (no gloves)
SInv    +            (no boots)
Will    .....        (no amulet)
Stlth   ++++         k - +6 ring of strength
HPRegen 1.05/turn    l - ring of see invisible
MPRegen 0.11/turn

%: guardian spirit
@: no status effects
A: fangs 2, regeneration 1, magic shield, antimagic bite, no potion heal 2
a: no special abilities


You were on level 4 of the Dungeon.
You visited 1 branch of the dungeon, and saw 4 of its levels.

You collected 179 gold pieces.

Inventory:

Hand Weapons
 a - a +2 dagger (weapon)
 b - a +0 sling
 x - a +1 heavy hand axe
Missiles
 d - 4 poisoned darts
 e - a curare-tipped dart (quivered)
 m - 2 atropa-tipped darts
Armour
 c - a +0 cloak (worn)
 s - a +0 robe (worn)
Jewellery
 k - a +6 ring of strength (left hand)
 l - a ring of see invisible (right hand)
Wands
 z - a wand of flame (8)
Scrolls
 f - 3 scrolls of identify {unknown}
 g - a scroll of vulnerability {unknown}
 h - a scroll of enchant armour {unknown}
 i - 2 scrolls of teleportation {unknown}
 o - a scroll of noise {unknown}
 r - a scroll of silence {unknown}
 w - a scroll of magic mapping {unknown}
 y - a scroll of immolation {unknown}
 A - a scroll of blinking {unknown}
 B - a scroll of enchant weapon {unknown}
 C - a scroll of butterflies {unknown}
Potions
 j - a potion of heal wounds {unknown}
 n - a potion of ambrosia {unknown}
 p - a potion of lignification {unknown}
 q - 2 potions of degeneration {unknown}
 t - 2 potions of berserk rage {unknown}
 u - 2 potions of curing {unknown}
 v - a potion of magic {unknown}


   Skills:
 - Level 2.0 Fighting
 * Level 5.1 Short Blades
 - Level 2.0 Throwing
 - Level 1.0 Dodging
 + Level 6.8 Stealth
 - Level 1.0 Spellcasting


You had 7 spell levels left.
You didn't know any spells.
Your spell library contained the following spells:

 Spells                   Type           Power      Damage    Failure   Level
 Static Discharge         Conj/Air       0%         2-2/arc   43%         2
 Airstrike                Air            0%         2d(0-16)  97%         4
 Animate Dead             Necr           0%         N/A       97%         4
 Summon Lightning Spire   Summ/Air       0%         N/A       97%         4
 Haunt                    Necr/Summ      0%         N/A       100%        7
 Infestation              Necr           0%         N/A       100%        8


Dungeon Overview and Level Annotations

Branches:
Dungeon (4/15)
 Temple: D:4-7

Altars:

Shops:
D:3 *

Annotations:
D:2 Vault with ring
D:3 1 runed translucent door, BlueFish's ghost, amateur OpFi
D:4 Duvessa; Menkaure


Innate Abilities, Weirdness & Mutations

You have extremely sharp teeth.
Your natural rate of healing is unusually fast.
When hurt, damage is shared between your health and your magic reserves.
Your bite disrupts and absorbs the magic of your enemies.
Potions cannot restore your health.


Message History

You throw a poisoned dart. The poisoned dart hits Duvessa.
Duvessa looks even sicker.
Duvessa is lightly wounded.
Throw: 7 darts (poison)
Press: ? - help, Q - select action, (/) - cycle Shift-Dir - straight line, f/p - Duvessa
Aim: Duvessa, wielding a +0 short sword and wearing a +0 ring mail (lightly wounded, wandering, berserk, blind, very poisoned, slow, hasn't noticed you, 70% to hit)
You throw a poisoned dart.
The poisoned dart barely misses Duvessa.
Throw: 6 darts (poison)
Press: ? - help, Q - select action, (/) - cycle Shift-Dir - straight line, f/p - Duvessa
Aim: Duvessa, wielding a +0 short sword and wearing a +0 ring mail (lightly wounded, wandering, berserk, blind, very poisoned, slow, hasn't noticed you, 70% to hit)
You throw a poisoned dart. The poisoned dart hits Duvessa.
Duvessa looks as sick as possible!
Duvessa is lightly wounded.
Duvessa is no longer blind.
Throw: 5 darts (poison)
Press: ? - help, Q - select action, (/) - cycle Shift-Dir - straight line, f/p - Duvessa
Aim: Duvessa, wielding a +0 short sword and wearing a +0 ring mail (moderately wounded, berserk, extremely poisoned, slow, 70% to hit)
You throw a poisoned dart. The poisoned dart hits Duvessa.
Duvessa looks as sick as possible!
Duvessa is moderately wounded.
Throw: 2 darts (curare)
Press: ? - help, Q - select action, (/) - cycle Shift-Dir - straight line, f/p - Duvessa
Aim: Duvessa, wielding a +0 short sword and wearing a +0 ring mail (moderately wounded, berserk, extremely poisoned, slow, 70% to hit)
You throw a curare-tipped dart. The curare-tipped dart hits Duvessa.
Duvessa looks as sick as possible!
Duvessa convulses.
Duvessa seems to be slow for longer.
Duvessa is moderately wounded.
You hit Duvessa but do no damage.
Duvessa is moderately wounded.
Duvessa hits you with a +0 short sword!
You hit Duvessa. You bite Duvessa, but do no damage.
Duvessa is heavily wounded.
Duvessa hits you with a +0 short sword!
* * * LOW HITPOINT WARNING * * *
You are no longer glowing.
Items here: ))) [.
Duvessa attacks as you move away! Duvessa hits you with a +0 short sword.
Duvessa attacks as you move away! Duvessa hits you with a +0 short sword!
You die...

...#
#..###........
.).#
#..##.........
...#
#..#..........
....#
#.............
....#
##.............
....#
##.#............
....#
##.##..(.......ee
.....
##e###....(.......
..##.# ########@##
#............
.........#
#....(..(....
........##
#.....(...$..
........##
#............
......#..##
##..........#
.....###..##
#..........# #...#
##..####.....#..##
##.#
###)#########.##
## ##.## ##..#


You could see Duvessa (berserk, very poisoned, slow).

Vanquished Creatures
  A scorpion (D:4)
  Dowan (D:4)
  3 hounds (D:4)
  A sleepcap (D:4)
  4 adders
  2 worms (D:3)
  6 dart slugs
  10 orcs
  10 endoplasms
  3 giant cockroaches
  4 goblins
  18 hobgoblins
  3 jackals (D:1)
  8 kobolds
  7 quokkas
  12 ball pythons
  11 bats
  8 rats
112 creatures vanquished.

Notes
Turn   | Place    | Note
-------+----------+-------------------------------------------
     0 | D:1      | avis the Vine Stalker Brigand began the quest for the Orb.
     0 | D:1      | Reached XP level 1. HP: 11/11 MP: 2/2
   106 | D:1      | Reached skill level 5 in Stealth
   106 | D:1      | Reached XP level 2. HP: 9/15 MP: 3/3
   344 | D:1      | Reached XP level 3. HP: 17/18 MP: 4/4
   831 | D:2      | Gained mutation: Your natural rate of healing is unusually
                  | fast. [Vine Stalker growth]
   831 | D:2      | Reached XP level 4. HP: 22/23 MP: 5/5
  1087 | D:2      | Reached skill level 1 in Dodging
  1840 | D:3      | Found a runed translucent door.
  1856 | D:3      | Found Luechomm's General Store.
  1856 | D:3      | Noticed BlueFish's ghost (amateur OpFi)
  2228 | D:3      | Reached XP level 5. HP: 26/26 MP: 6/6
  2522 | D:4      | Reached skill level 6 in Stealth
  2586 | D:4      | Noticed Menkaure
  2620 | D:4      | Reached XP level 6. HP: 14/30 MP: 7/7
  2950 | D:4      | Reached skill level 1 in Spellcasting
  3335 | D:4      | Noticed Dowan
  3335 | D:4      | Noticed Duvessa
  3400 | D:4      | Killed Dowan
  3401 | D:4      | Reached skill level 5 in Short Blades
  3429 | D:4      | Slain by Duvessa

Illustrated notes

Levels and vault maps discovered:
D:1:      nzn_arrival_water_spiral, layout_basic, kennysheep_flooded_box,
          serial_park_tiny_1, st_stairs_5, minmay_pentomino_q2
D:2:      layout_loops_corners, lightli_corner_chamber
D:3:      layout_basic, serial_shops, nicolae_shop_competitors_out_of_business,
          gammafunk_ghost_grave, grunt_ministairs_6
D:4:      layout_cave_pods, kennysheep_generic_room_7, uniq_duvessa,
          uniq_menkaure

Skill      XL: |  1  2  3  4  5  6 |
---------------+-------------------+-----
Short Blades   | 2 3 4 5 |  5.1
Fighting       | 2 |  2.0
Stealth        | 5 6 |  6.8
Dodging        | 1 |  1.0
Throwing       | 2 |  2.0
Spellcasting   | 1 |  1.0

Action                     |  1- 3 |  4- 6 || total
---------------------------+-------+-------++-------
  Melee: Dagger            |   119 |   201 ||   320
         Bite              |    29 |    57 ||    86
         Punch             |       |     5 ||     5
  Throw: Dart              |       |     8 ||     8
   Stab: Sleeping          |     4 |    18 ||    22
 Armour: Robe              |    17 |    19 ||    36
  Dodge: Dodged            |    57 |    80 ||   137

Table legend: (Time is in decaauts)
 A = Elapsed time spent in this place.
 B = Non-inter-level travel time spent in this place.
 C = Inter-level travel time spent in this place.
 D = Time resting spent in this place.
 E = Time spent auto-exploring this place.
 F = Levels seen in this place.
 G = Mean time per level.
                   A        B        C        D        E       F      G
               +--------+--------+--------+--------+--------+-----+--------+
         Total |   3387 |   3025 |    362 |    414 |   1455 |   4 |  846.8 |
       Dungeon |   3387 |   3025 |    362 |    414 |   1455 |   4 |  846.8 |
               +--------+--------+--------+--------+--------+-----+--------+

Top non-repeatable levels by time:
     D:4: 941 daAuts
     D:1: 862 daAuts
     D:3: 799 daAuts
     D:2: 783 daAuts
